[Event "Titled Tuesday Blitz November 01 Late 2022"]
[White "Silva Lucena, Cristian"]
[Black "Bilan, Danila"]
[WhiteFideId "2232588"]
[BlackFideId "24161918"]
[WhiteElo "2223"]
[BlackElo "2203"]
[Result "0-1"]
[Round "07"]
[TimeControl "180+1"]
[Date "2022.11.02"]
[WhiteClock "0:00:34"]
[BlackClock "0:00:07"]

1. e4 c6 2. Nc3 d5 3. Nf3 Bg4 4. h3 Bxf3 5. Qxf3 e6 6. Be2 Nd7 7. O-O Ngf6 8. Rd1 d4 9. Nb1 Bd6 10. Bf1 Qc7 11. d3 O-O-O 12. a4 Rdg8 13. Na3 Ne5 14. Qe2 g5 15. c3 dxc3 16. bxc3 g4 17. h4 Bxa3 18. Bg5 h6 19. d4 hxg5 20. dxe5 Qxe5 21. Rxa3 gxh4 22. Rb3 Rd8 23. Rdb1 Rd7 24. Rb4 g3 25. a5 Qc5 26. Rd4 Rxd4 27. cxd4 Qxd4 28. a6 b6 29. Rc1 c5 30. Rd1 Qxf2+ 31. Qxf2 gxf2+ 32. Kxf2 Nxe4+ 33. Ke3 Nc3 34. Rd2 Nd5+ 35. Ke4 Kd7 36. Bb5+ Kd6 37. Rf2 f5+ 38. Kd3 Rg8 39. Kc2 Rg3 40. Kb2 Nc3 41. Be8 Nd1+ 0-1


[Site "https://www.chess.com"]

[Event "Titled Tuesday Blitz November 01 Late 2022"]
[White "Sjugirov, Sanan"]
[Black "Gareyev, Timur"]
[WhiteFideId "4189302"]
[BlackFideId "14200937"]
[WhiteElo "2609"]
[BlackElo "2552"]
[Result "1-0"]
[Round "07"]
[TimeControl "180+1"]
[Date "2022.11.01"]
[WhiteClock "0:00:25"]
[BlackClock "0:00:03"]

1. Nf3 c5 2. c4 b6 3. Nc3 Bb7 4. e3 e6 5. d4 cxd4 6. exd4 Nf6 7. a3 g6 8. Bf4 d6 9. Be2 a6 10. O-O Bg7 11. Qa4+ b5 12. cxb5 O-O 13. Qb4 axb5 14. Qxd6 Nc6 15. Bxb5 Nh5 16. Qxd8 Rfxd8 17. Bg5 Rd6 18. Rfd1 Na5 19. Be7 Bxf3 20. Bxd6 Bxd1 21. Rxd1 Nb3 22. Be5 Bxe5 23. dxe5 Rc8 24. g3 Kg7 25. Be2 Kh6 26. Bxh5 gxh5 27. Rd7 Kg6 28. a4 Nc5 29. Rd4 Nb3 30. Rb4 Nd2 31. Kg2 Nc4 32. Rb5 Nxb2 33. Rxb2 Rxc3 34. Ra2 Rc6 35. a5 Ra6 36. f4 Kf5 37. Kf3 h6 38. Ra3 f6 39. exf6 Kxf6 40. Ke4 Ke7 41. Ke5 Kf7 42. Kd4 Ke7 43. Kc5 Kd7 44. Kb5 Ra8 45. a6 Rb8+ 46. Kc5 Rc8+ 47. Kd4 1-0


[Site "https://www.chess.com"]

[Event "Titled Tuesday Blitz November 01 Late 2022"]
[White "Sokolovsky, Yahli"]
[Black "Jones, Gawain C B"]
[WhiteFideId "2820242"]
[BlackFideId "409561"]
[WhiteElo "2316"]
[BlackElo "2657"]
[Result "0-1"]
[Round "07"]
[TimeControl "180+1"]
[Date "2022.11.01"]
[WhiteClock "0:00:08"]
[BlackClock "0:00:04"]

1. b3 e5 2. Bb2 d6 3. e3 g6 4. d4 Nd7 5. Nf3 e4 6. Nfd2 d5 7. c4 c6 8. Nc3 Ngf6 9. f3 exf3 10. Qxf3 Bg7 11. cxd5 cxd5 12. Nxd5 Nxd5 13. Qxd5 O-O 14. O-O-O Qe7 15. Qe4 Qg5 16. Ba3 Nf6 17. Qe5 Bf5 18. Bxf8 Re8 19. Qf4 Bxf8 20. Kb2 Qh5 21. Bb5 Nd5 22. Qf3 Bg4 23. Qf2 Rxe3 24. Rhf1 Be6 25. Rc1 Rc3 26. Rxc3 Nxc3 27. Kxc3 Qxb5 28. Kb2 Qa5 29. Nb1 Bg7 30. Qe3 Qd5 31. Rd1 Qxg2+ 32. Rd2 Qh3 33. Qxh3 Bxh3 34. Nc3 Kf8 35. d5 Ke7 36. Rf2 Bf5 37. Rf3 Kd6 38. b4 h5 39. Kb3 Bxc3 40. Rxc3 Kxd5 41. Rc7 Be6 42. Kc3 b6 43. Rxa7 g5 44. a4 g4 45. Ra8 f5 46. Rh8 f4 47. Rxh5+ Ke4 48. Rh6 Bf5 49. Rxb6 Ke3 50. Rb8 f3 51. Rf8 Bd7 52. a5 Bb5 53. Rf7 f2 54. Rf6 f1=Q 55. Rxf1 Bxf1 56. Kb3 Bb5 57. a6 Bxa6 58. Ka4 Kf2 59. Ka5 Bc4 60. Kb6 Kg2 61. Kc5 Bf1 62. b5 Bxb5 63. Kxb5 Kxh2 0-1


[Site "https://www.chess.com"]

[Event "Titled Tuesday Blitz November 01 Late 2022"]
[White "Souleidis, Georgios"]
[Black "Mickiewicz, Piotr"]
[WhiteFideId "4206827"]
[BlackFideId "1114891"]
[WhiteElo "2401"]
[BlackElo "2246"]
[Result "1-0"]
[Round "07"]
[TimeControl "180+1"]
[Date "2022.11.02"]
[WhiteClock "0:01:18"]
[BlackClock "0:00:06"]

1. e4 c6 2. d4 d5 3. e5 Bf5 4. h4 h5 5. Bd3 Bxd3 6. Qxd3 e6 7. Bg5 Qa5+ 8. Nd2 Qa6 9. c4 Bb4 10. b3 Ne7 11. Nf3 Nd7 12. O-O Nf5 13. Rfd1 f6 14. exf6 gxf6 15. Bf4 Kf7 16. a3 Bxd2 17. Rxd2 Rhg8 18. Re2 Rae8 19. Qc2 Rg4 20. g3 Reg8 21. Kh1 dxc4 22. bxc4 Nb6 23. Rxe6 Kxe6 24. Re1+ Kf7 25. Qxf5 Nxc4 26. Ng5+ R4xg5 27. hxg5 1-0


[Site "https://www.chess.com"]

[Event "Titled Tuesday Blitz November 01 Late 2022"]
[White "Storey, Charles H"]
[Black "Ramirez, Alejandro"]
[WhiteFideId "406686"]
[BlackFideId "6500617"]
[WhiteElo "2473"]
[BlackElo "2743"]
[Result "0-1"]
[Round "07"]
[TimeControl "180+1"]
[Date "2022.11.02"]
[WhiteClock "0:00:08"]
[BlackClock "0:00:40"]

1. c4 e6 2. g3 d5 3. Bg2 Nf6 4. Nf3 d4 5. O-O Nc6 6. d3 Bc5 7. b3 O-O 8. Ba3 Qe7 9. Bxc5 Qxc5 10. Nbd2 h6 11. a3 e5 12. b4 Qe7 13. b5 Nb8 14. Qb3 Nbd7 15. Qb4 Qd6 16. Qxd6 cxd6 17. Nb3 Rb8 18. Nfd2 b6 19. a4 a5 20. bxa6 Bxa6 21. Rfb1 Rfc8 22. Rb2 Kf8 23. Rab1 Ke7 24. Ne4 Ne8 25. Bh3 g6 26. Bxd7 Kxd7 27. Na1 Kc7 28. Nc2 f5 29. Nb4 Bb7 30. Nd2 Nf6 31. Nb3 Ra8 32. Ra1 Ra7 33. a5 bxa5 34. Nxa5 Rca8 35. Rba2 Bc8 36. Nd5+ Nxd5 37. cxd5 Kd7 38. Ra3 Bb7 39. Nc4 Rxa3 40. Rxa3 Rxa3 41. Nxa3 Bxd5 42. Nc2 g5 43. e3 Bb3 44. Ne1 dxe3 45. fxe3 Kc6 46. h4 g4 47. Kf2 Kc5 48. Ke2 Bd5 49. Nc2 Bf3+ 50. Kd2 Bc6 51. Kc3 f4 52. d4+ Kb6 53. exf4 exf4 54. gxf4 g3 55. Ne3 g2 56. Nxg2 Bxg2 57. Kc4 Kc6 58. f5 d5+ 59. Kd3 Be4+ 60. Ke3 Bxf5 61. Kf4 Be4 62. Ke5 Bf3 63. Kf6 h5 0-1


[Site "https://www.chess.com"]

[Event "Titled Tuesday Blitz November 01 Late 2022"]
[White "Suleymanli, Aydin"]
[Black "Sarana, Alexey"]
[WhiteFideId "13413937"]
[BlackFideId "24133795"]
[WhiteElo "2481"]
[BlackElo "2689"]
[Result "1-0"]
[Round "07"]
[TimeControl "180+1"]
[Date "2022.11.01"]
[WhiteClock "0:00:07"]
[BlackClock "0:00:02"]

1. c4 e6 2. Nc3 d5 3. cxd5 exd5 4. d4 Nf6 5. Nf3 Nbd7 6. Bg5 Bb4 7. Qc2 h6 8. Bh4 c5 9. e3 Qa5 10. Bd3 c4 11. Bf5 O-O 12. O-O Re8 13. a3 Bxc3 14. bxc3 Ne4 15. Bxe4 Rxe4 16. a4 Nf8 17. Rfb1 Qc7 18. Bg3 Qe7 19. Rb5 Qd8 20. Ne5 a6 21. Rb4 Bf5 22. Qb2 f6 23. Nf3 Bc8 24. a5 h5 25. Rb6 Re6 26. Rb1 Rc6 27. Rxc6 bxc6 28. Qb6 Qe8 29. Qc7 Ne6 30. Qd6 Qd7 31. Qxd7 Bxd7 32. Rb7 Be8 33. Bd6 g5 34. h4 Bg6 35. hxg5 fxg5 36. Ne5 Be8 37. f3 h4 38. Kf2 Ng7 39. e4 Ne6 40. Ng4 Bg6 41. Nh6+ Kh8 42. Be5+ Ng7 43. Rxg7 1-0


[Site "https://www.chess.com"]

[Event "Titled Tuesday Blitz November 01 Late 2022"]
[White "Svane, Rasmus"]
[Black "Boruchovsky, Avital"]
[WhiteFideId "4657101"]
[BlackFideId "2800055"]
[WhiteElo "2674"]
[BlackElo "2466"]
[Result "1-0"]
[Round "07"]
[TimeControl "180+1"]
[Date "2022.11.01"]
[WhiteClock "0:00:46"]
[BlackClock "0:00:26"]

1. Nf3 c5 2. c4 Nc6 3. Nc3 g6 4. e3 Nf6 5. d4 cxd4 6. exd4 d5 7. cxd5 Nxd5 8. Qb3 Nxc3 9. Bc4 Nd5 10. Bxd5 e6 11. Bxc6+ bxc6 12. O-O Bg7 13. Bd2 O-O 14. Bb4 Re8 15. Bc5 Ba6 16. Rfe1 Qd5 17. Qc3 Qc4 18. Qa3 Red8 19. Rac1 Qb5 20. Re3 Bc8 21. h3 a5 22. Rb3 Qe2 23. Re3 Qa6 24. Rce1 a4 25. Ne5 Qb5 26. Rf3 f6 27. Be7 Rxd4 28. Bxf6 Bf8 29. Be7 Bg7 30. Qe3 Qd5 31. Bf6 Bf8 32. Nxg6 Bc5 33. Bxd4 Bxd4 34. Ne7+ Kg7 1-0


[Site "https://www.chess.com"]

[Event "Titled Tuesday Blitz November 01 Late 2022"]
[White "Tan, Ralph"]
[Black "Aldokhin, Ivan"]
[WhiteFideId "30966590"]
[BlackFideId "24115720"]
[WhiteElo "2059"]
[BlackElo "2313"]
[Result "0-1"]
[Round "07"]
[TimeControl "180+1"]
[Date "2022.11.02"]
[WhiteClock "0:00:49"]
[BlackClock "0:00:06"]

1. Nf3 Nf6 2. g3 g6 3. Bg2 Bg7 4. O-O d6 5. d4 O-O 6. c4 Nbd7 7. Nc3 e5 8. e3 exd4 9. exd4 Re8 10. b3 Nf8 11. Bb2 Bf5 12. Rc1 Ne4 13. Nxe4 Bxe4 14. Re1 Qf6 15. Bc3 Bxf3 16. Qxf3 Qxf3 17. Bxf3 c6 18. Red1 Re7 19. b4 a6 20. a4 Ne6 21. h4 Nc7 22. Kg2 f5 23. Bd2 Kf7 24. Bf4 Rd8 25. a5 Ne6 26. Be3 f4 27. gxf4 Bh6 28. f5 Nf4+ 29. Bxf4 Bxf4 30. fxg6+ hxg6 31. Rc2 Rh8 32. Rh1 Kf6 33. d5 c5 34. bxc5 dxc5 35. Rb2 Reh7 36. Rb6+ Kf5 37. Re1 Rxh4 38. Be4+ Ke5 39. Bxg6+ Kd4 40. Re4+ Kc3 41. Rxb7 Rg8 42. Rb6 Bc7 43. Rc6 Rxe4 44. Kf3 Re7 45. d6 Bxd6 46. Rxd6 Rf8+ 47. Kg3 Re5 48. f4 Re1 49. f5 Rg1+ 50. Kf4 Kxc4 51. Rxa6 Kb5 52. Ra7 Rxg6 53. Ke5 Rgf6 54. Rb7+ Kxa5 55. Rb1 Rxf5+ 56. Kd6 c4 57. Ra1+ Kb4 58. Rb1+ Kc3 59. Rc1+ Kd3 60. Kc6 c3 61. Kb6 c2 62. Kc6 R8f6+ 63. Kb7 Rg5 0-1


[Site "https://www.chess.com"]

[Event "Titled Tuesday Blitz November 01 Late 2022"]
[White "Tanenbaum, Zachary"]
[Black "Munoz Sanchez, Miguel"]
[WhiteFideId "2060850"]
[BlackFideId "3600734"]
[WhiteElo "2175"]
[BlackElo "2166"]
[Result "1-0"]
[Round "07"]
[TimeControl "180+1"]
[Date "2022.11.02"]
[WhiteClock "0:02:21"]
[BlackClock "0:02:04"]

1. e4 e6 2. d4 d5 3. Nc3 Bb4 4. exd5 exd5 5. Bd3 Nc6 6. a3 Bxc3+ 7. bxc3 Nge7 8. Nf3 O-O 9. O-O Bf5 10. Rb1 b6 11. Re1 Bxd3 12. Qxd3 Qd7 13. Bf4 Na5 14. Ne5 Qf5 15. Bg3 Qxd3 16. cxd3 Ng6 17. Nxg6 hxg6 18. Bxc7 Rfc8 19. Re7 Kf8 20. Rbe1 Re8 21. Rxe8+ Rxe8 22. Bd6+ Kg8 23. Rxe8+ 1-0


[Site "https://www.chess.com"]

[Event "Titled Tuesday Blitz November 01 Late 2022"]
[White "Tayar, Jonathan"]
[Black "Piesik, Piotr"]
[WhiteFideId "2606534"]
[BlackFideId "1136194"]
[WhiteElo "2597"]
[BlackElo "2753"]
[Result "0-1"]
[Round "07"]
[TimeControl "180+1"]
[Date "2022.11.02"]
[WhiteClock "0:00:38"]
[BlackClock "0:01:14"]

1. e4 g6 2. d4 Bg7 3. Nc3 c6 4. Bc4 b5 5. Bb3 b4 6. Qf3 Nf6 7. Nce2 d5 8. e5 Ne4 9. Ng3 Nxg3 10. hxg3 a5 11. a3 Ba6 12. axb4 axb4 13. Ra4 Qb6 14. Be3 e6 15. Nh3 h6 16. Nf4 Nd7 17. Qg4 O-O-O 18. Nxe6 fxe6 19. Qxe6 Rhe8 20. Qxg6 Bxe5 21. dxe5 Rxe5 22. Rh4 Rxe3+ 0-1


[Site "https://www.chess.com"]

[Event "Titled Tuesday Blitz November 01 Late 2022"]
[White "Ter-Sahakyan, Samvel"]
[Black "Mekhitarian, Krikor Sevag"]
[WhiteFideId "13302531"]
[BlackFideId "2107660"]
[WhiteElo "2604"]
[BlackElo "2614"]
[Result "1-0"]
[Round "07"]
[TimeControl "180+1"]
[Date "2022.11.01"]
[WhiteClock "0:00:50"]
[BlackClock "0:00:01"]

1. d4 Nf6 2. c4 g6 3. Nc3 d5 4. cxd5 Nxd5 5. Bd2 Bg7 6. e4 Nb6 7. Be3 O-O 8. a4 e5 9. d5 c6 10. a5 N6d7 11. Nf3 cxd5 12. Nxd5 Nc6 13. Bc4 h6 14. Qd2 Kh7 15. h4 Nf6 16. Nxf6+ Bxf6 17. Bxh6 Qxd2+ 18. Bxd2 Bg4 19. Ng5+ Kg7 20. f3 Bd7 21. Bd5 Nd4 22. Kf2 Rac8 23. Rac1 Bc6 24. Bb4 Rfd8 25. Nxf7 Rd7 26. Ng5 Rcd8 27. Be6 Rc7 28. Ba2 Bxg5 29. hxg5 Rcc8 30. Rc5 Re8 31. Bc3 Rg8 1-0


[Site "https://www.chess.com"]

[Event "Titled Tuesday Blitz November 01 Late 2022"]
[White "Thomforde-Toates, Noah"]
[Black "Przybylski, Wojciech"]
[WhiteFideId "30951992"]
[BlackFideId "1117599"]
[WhiteElo "2618"]
[BlackElo "2221"]
[Result "0-1"]
[Round "07"]
[TimeControl "180+1"]
[Date "2022.11.02"]
[WhiteClock "0:00:03"]
[BlackClock "0:00:28"]

1. d4 Nf6 2. Nc3 d5 3. Bf4 c6 4. e3 Bf5 5. f3 h6 6. g4 Bh7 7. h4 Nbd7 8. Bd3 Bxd3 9. Qxd3 e6 10. Nge2 Qb6 11. O-O g6 12. a3 Bg7 13. b4 O-O 14. Na4 Qd8 15. Nc5 b6 16. Nb7 Qc8 17. Nd6 Qd8 18. a4 Ne8 19. Nxe8 Rxe8 20. Bg3 e5 21. c4 e4 22. fxe4 Rxe4 23. Rf4 Qe7 24. Rxe4 dxe4 25. Qd1 Qxb4 26. Rc1 Qa3 27. Rc3 Qe7 28. Nf4 Rd8 29. Rc2 Ne5 30. Qe2 Nf3+ 31. Kg2 Qd7 32. d5 c5 33. a5 Qxg4 34. axb6 axb6 35. Ra2 Nxh4+ 36. Kf2 Nf3 37. Ra7 h5 38. Ng2 g5 39. Bc7 Rf8 40. Bxb6 Be5 41. Bxc5 Bg3+ 42. Kf1 Nh2+ 43. Kg1 Qxe2 44. Bxf8 Qf1# 0-1


[Site "https://www.chess.com"]

[Event "Titled Tuesday Blitz November 01 Late 2022"]
[White "Tokhirjonova, Gulrukhbegim"]
[Black "Leiva, Gianmarco"]
[WhiteFideId "14203626"]
[BlackFideId "3804399"]
[WhiteElo "2574"]
[BlackElo "2725"]
[Result "1-0"]
[Round "07"]
[TimeControl "180+1"]
[Date "2022.11.02"]
[WhiteClock "0:01:30"]
[BlackClock "0:00:05"]

1. e4 c5 2. Nf3 d6 3. d4 cxd4 4. Nxd4 Nf6 5. Nc3 a6 6. h3 e5 7. Nde2 h5 8. g3 Be7 9. Bg2 Be6 10. O-O Nbd7 11. a4 h4 12. g4 Nh7 13. f4 exf4 14. Bxf4 Ne5 15. Nd4 O-O 16. Nf5 Bg5 17. Qxd6 Bxf4 18. Rxf4 Ng6 19. Rf2 Rc8 20. Rd1 Qa5 21. Qd4 Qe5 22. Nd5 Qxd4 23. Rxd4 Ng5 24. Nfe7+ Kh7 25. Nxc8 Rxc8 26. c4 Ne5 27. b3 f6 28. Rfd2 b5 29. axb5 axb5 30. cxb5 Ngf3+ 31. Bxf3 Nxf3+ 32. Kf2 Nxd2 33. Rxd2 Rb8 34. Nc7 Bxb3 35. Rb2 Bf7 36. b6 Rb7 37. Ke3 Kg6 38. Kd4 Kg5 39. Kc5 Kf4 40. Kc6 Rb8 41. b7 Kg3 42. Na6 1-0


[Site "https://www.chess.com"]

[Event "Titled Tuesday Blitz November 01 Late 2022"]
[White "Tomaszewski, Kacper"]
[Black "Constantinou, Peter"]
[WhiteFideId "1127373"]
[BlackFideId "413038"]
[WhiteElo "2211"]
[BlackElo "2230"]
[Result "1-0"]
[Round "07"]
[TimeControl "180+1"]
[Date "2022.11.02"]
[WhiteClock "0:00:56"]
[BlackClock "0:00:48"]

1. e4 c6 2. Nf3 d5 3. exd5 cxd5 4. c3 Nc6 5. d4 Bg4 6. Qb3 Bxf3 7. Qxb7 Qc8 8. Qxc8+ Rxc8 9. gxf3 Nxd4 10. Kd1 Nc6 11. Na3 e5 12. Ba6 Rb8 13. Nc2 Bc5 14. Ne3 Nge7 15. b4 Bb6 16. a4 d4 17. Nc4 dxc3 18. Nxb6 Rxb6 19. b5 Nd4 20. a5 Rf6 21. Be3 Kd7 22. f4 Rxa6 23. bxa6 c2+ 24. Kd2 Nb3+ 25. Kxc2 Nxa1+ 26. Rxa1 Rc8+ 27. Kb3 exf4 28. Bxa7 Ra8 29. Rd1+ Ke6 30. Bc5 Nc6 31. Rd6+ 1-0


[Site "https://www.chess.com"]

[Event "Titled Tuesday Blitz November 01 Late 2022"]
[White "Valdes Romero, Leonardo"]
[Black "Krzyzanowski, Marcin"]
[WhiteFideId "6500331"]
[BlackFideId "1132199"]
[WhiteElo "2605"]
[BlackElo "2831"]
[Result "0-1"]
[Round "07"]
[TimeControl "180+1"]
[Date "2022.11.02"]
[WhiteClock "0:00:12"]
[BlackClock "0:00:59"]

1. Nf3 c5 2. g3 Nc6 3. d3 e5 4. Bg2 g6 5. O-O Bg7 6. e4 Nge7 7. c3 O-O 8. a3 d5 9. b4 dxe4 10. dxe4 Qxd1 11. Rxd1 Be6 12. Be3 Rfd8 13. Nbd2 cxb4 14. axb4 a6 15. Ng5 Bg4 16. f3 Bd7 17. Bb6 Rf8 18. Nc4 Bc8 19. Nd6 h6 20. Nh3 Be6 21. Nf2 Nc8 22. Nxc8 Raxc8 23. Rd2 Rfe8 24. Nd3 Bf8 25. Nc5 Bxc5+ 26. Bxc5 f5 27. Rd6 Rcd8 28. Rad1 Rxd6 29. Rxd6 Kf7 30. Bb6 Ne7 31. Bf1 Nc8 32. Rxe6 Kxe6 33. Bc4+ Kf6 34. Be3 fxe4 35. fxe4 Nd6 36. Bd5 b5 37. h4 Rc8 38. Bc5 Ke7 39. Kf2 a5 40. Bxd6+ Kxd6 41. bxa5 Rxc3 42. a6 Ra3 43. Bb7 b4 44. Ke2 Kc5 45. Kd2 Kd4 0-1


[Site "https://www.chess.com"]

[Event "Titled Tuesday Blitz November 01 Late 2022"]
[White "Van Osch, Mees"]
[Black "Mesa Cruz, Juan Carlos"]
[WhiteFideId "1035967"]
[BlackFideId "6423400"]
[WhiteElo "2324"]
[BlackElo "2059"]
[Result "1/2-1/2"]
[Round "07"]
[TimeControl "180+1"]
[Date "2022.11.02"]
[WhiteClock "0:01:26"]
[BlackClock "0:00:24"]

1. e4 c5 2. Nf3 d6 3. d4 cxd4 4. Nxd4 Nf6 5. Nc3 a6 6. Bg5 e6 7. f4 Be7 8. Qf3 Qc7 9. O-O-O Nbd7 10. g4 b5 11. Bxf6 Nxf6 12. g5 Nd7 13. f5 O-O 14. fxe6 fxe6 15. Qh5 Ne5 16. Bh3 g6 17. Qh4 Nf3 18. Nxf3 Rxf3 19. Rhf1 Rxc3 20. bxc3 Qxc3 21. Qf2 Bxg5+ 22. Kb1 Qb4+ 23. Ka1 Qc3+ 24. Kb1 Qb4+ 25. Ka1 Qc3+ 26. Kb1 1/2-1/2


[Site "https://www.chess.com"]

[Event "Titled Tuesday Blitz November 01 Late 2022"]
[White "Vargas, Mauricio"]
[Black "Fernandez Siles, Luis"]
[WhiteFideId "4404572"]
[BlackFideId "2209420"]
[WhiteElo "2025"]
[BlackElo "2186"]
[Result "0-1"]
[Round "07"]
[TimeControl "180+1"]
[Date "2022.11.02"]
[WhiteClock "0:00:03"]
[BlackClock "0:00:56"]

1. e4 c5 2. Nc3 Nc6 3. f4 g6 4. Nf3 Bg7 5. g4 d6 6. h3 Nd4 7. Bg2 e6 8. O-O Ne7 9. d3 O-O 10. Ne2 f5 11. c3 Nxf3+ 12. Bxf3 Rb8 13. Qe1 b5 14. Kh2 a5 15. Rg1 b4 16. gxf5 exf5 17. Bd2 Ba6 18. c4 Bxb2 19. Rd1 Bg7 20. Qg3 a4 21. h4 fxe4 22. Bxe4 Nf5 23. Bxf5 Rxf5 24. Qg4 Rh5 25. Kh3 Bc8 26. f5 Bxf5 27. Qxf5 Qxh4+ 28. Kg2 Qh2+ 29. Kf3 Rxf5+ 30. Ke3 Re8# 0-1


[Site "https://www.chess.com"]

[Event "Titled Tuesday Blitz November 01 Late 2022"]
[White "Velikanov, Alexander"]
[Black "Ibarra Jerez, Jose Carlos"]
[WhiteFideId "2039290"]
[BlackFideId "2226332"]
[WhiteElo "2259"]
[BlackElo "2627"]
[Result "0-1"]
[Round "07"]
[TimeControl "180+1"]
[Date "2022.11.01"]
[WhiteClock "0:00:03"]
[BlackClock "0:00:28"]

1. e4 Nc6 2. Nc3 d6 3. g3 Nf6 4. Bg2 g6 5. Nge2 Bg7 6. d4 O-O 7. h3 e5 8. Be3 exd4 9. Nxd4 Ne5 10. O-O Nc4 11. Bc1 Re8 12. b3 Ne5 13. Bb2 a6 14. f4 Ned7 15. Qd2 c5 16. Nde2 Rb8 17. Rad1 b5 18. Qxd6 b4 19. Na4 Nxe4 20. Bxe4 Bxb2 21. Qxb8 Bd4+ 22. Nxd4 Nxb8 23. Nc6 Qc7 24. Ne5 f6 25. Bd5+ Kg7 26. Nc4 Bxh3 27. Rf2 Bg4 28. Rdd2 Re1+ 29. Kh2 Nc6 30. Nab6 Nd4 31. Bg2 Ra1 32. Nd5 Qd8 33. c3 bxc3 34. Nxc3 Qe7 35. Ne4 Bf5 36. Ncd6 Bxe4 37. Nxe4 f5 0-1


[Site "https://www.chess.com"]

[Event "Titled Tuesday Blitz November 01 Late 2022"]
[White "Vifleemskaia, Svetlana"]
[Black "Moreno Perez, Tobias Sebastian"]
[WhiteFideId "4129490"]
[BlackFideId "186716"]
[WhiteElo "1929"]
[BlackElo "2522"]
[Result "0-1"]
[Round "07"]
[TimeControl "180+1"]
[Date "2022.11.02"]
[WhiteClock "0:00:04"]
[BlackClock "0:00:07"]

1. d4 d5 2. c4 c6 3. cxd5 cxd5 4. Bf4 Nc6 5. e3 Nf6 6. Nc3 a6 7. Bd3 Bg4 8. Nge2 e6 9. O-O Be7 10. h3 Bh5 11. Rc1 Bg6 12. a3 Bxd3 13. Qxd3 O-O 14. b4 Rc8 15. Na4 a5 16. b5 Na7 17. b6 Nc6 18. Bc7 Qe8 19. Nc5 Bxc5 20. dxc5 Qd7 21. Nd4 Rfe8 22. Nb5 Rf8 23. Nd6 Rxc7 24. bxc7 Qxc7 25. Qb5 Rb8 26. Qb6 Qe7 27. Rb1 Nd7 28. Qb5 Nde5 29. Nxb7 Nd8 30. Qxa5 Nxb7 31. Qb6 Qd7 32. Rfc1 Nc6 33. a4 g6 34. a5 Nbxa5 35. Qa6 Rxb1 36. Rxb1 Qe7 37. Qb5 Qd7 38. Ra1 Qc7 39. Rb1 Qb7 40. Qxb7 Nxb7 41. Rxb7 Ne5 42. Rc7 Kf8 43. Rc8+ Ke7 44. c6 Kd6 45. f4 Nxc6 46. Rh8 h5 47. Kf2 Ke7 48. Ra8 Nb4 49. Rb8 Nc6 50. Rb7+ Kf8 51. Kf3 Ne7 52. Ra7 Nf5 53. g4 hxg4+ 54. hxg4 Nd6 55. Ra6 Ne4 56. Rb6 Ke7 57. Rb7+ Kf8 58. f5 gxf5 59. gxf5 Nd6 60. Rb8+ Ke7 61. fxe6 fxe6 62. Kf4 Nc4 63. Ra8 Kf6 64. Ra7 e5+ 65. Kf3 Nd6 66. Ra6 Ke6 67. Ke2 e4 68. Ra4 Ke5 69. Ra1 Nc4 70. Rh1 Nd6 71. Rh5+ Ke6 72. Rh1 Nf5 73. Rh5 Ng3+ 74. Kf2 Nxh5 75. Ke2 Nf6 76. Kd2 Ke5 0-1


[Site "https://www.chess.com"]

[Event "Titled Tuesday Blitz November 01 Late 2022"]
[White "Wartiovaara, Oliver"]
[Black "Marchesich, Giovanni"]
[WhiteFideId "513024"]
[BlackFideId "2824790"]
[WhiteElo "2197"]
[BlackElo "2200"]
[Result "1-0"]
[Round "07"]
[TimeControl "180+1"]
[Date "2022.11.02"]
[WhiteClock "0:00:27"]
[BlackClock "0:00:03"]

1. e4 e5 2. Nf3 d5 3. exd5 e4 4. Qe2 Nf6 5. d3 Bb4+ 6. Nbd2 O-O 7. dxe4 Re8 8. c3 Bc5 9. Qc4 Bb6 10. Bd3 Nxd5 11. O-O Nf4 12. Bc2 Be6 13. Qb5 c6 14. Qg5 Qc7 15. Kh1 Ng6 16. e5 Nd7 17. Nc4 Bxc4 18. Re1 Bd5 19. Nh4 Ndxe5 20. Bf4 Nxf4 21. Qxf4 f6 22. Nf5 Ng6 23. Qg4 Be6 24. Rxe6 Rxe6 25. Bb3 Re8 26. Bxe6+ Rxe6 27. Nh6+ gxh6 28. Qxe6+ Qf7 29. Qe2 Qe7 30. Qc4+ Qf7 31. Qg4 f5 32. Qf3 Qd5 33. Qxd5+ cxd5 34. Kg1 Kf7 35. Kf1 Ne5 36. Rd1 Ke6 37. f3 Nc4 38. Ke2 Nxb2 39. Rb1 Nc4 40. Kd3 a5 41. Re1+ Kd6 42. Re8 Ne5+ 43. Kc2 Nc4 44. Rh8 Ne3+ 45. Kd3 Nxg2 46. Rxh7 Nf4+ 47. Kd2 h5 48. Rh6+ Kc5 49. Rf6 d4 50. Rxf5+ Nd5 51. cxd4+ Kxd4 52. Rxh5 a4 53. Rh7 Ba5+ 54. Kc1 b5 55. Rb7 Kc4 56. h4 Nf4 57. Rf7 Nd3+ 58. Kb1 Kc3 59. h5 b4 60. h6 b3 61. axb3 a3 62. Rb7 Nb4 63. h7 a2+ 64. Ka1 Kxb3 65. h8=Q Bd8 66. Rxb4+ Kxb4 67. Qxd8 1-0


[Site "https://www.chess.com"]

[Event "Titled Tuesday Blitz November 01 Late 2022"]
[White "Weetik, Vjacheslav"]
[Black "Hajiyev, Kanan"]
[WhiteFideId "4153472"]
[BlackFideId "13404148"]
[WhiteElo "2469"]
[BlackElo "2118"]
[Result "1-0"]
[Round "07"]
[TimeControl "180+1"]
[Date "2022.11.02"]
[WhiteClock "0:00:04"]
[BlackClock "0:01:10"]

1. d4 d5 2. c4 c6 3. Nc3 Nf6 4. e3 Bf5 5. cxd5 cxd5 6. Qb3 b6 7. Nf3 g6 8. Bb5+ Bd7 9. Nxd5 Bg7 10. Nxf6+ Bxf6 11. O-O O-O 12. e4 Bxb5 13. Qxb5 Bxd4 14. Bh6 Bg7 15. Rfd1 Qc7 16. Rac1 Qb7 17. Bxg7 Kxg7 18. Qe5+ f6 19. Rc7 fxe5 20. Rxb7 Kf6 21. Rc1 Rd8 22. h4 Rd7 23. Rcc7 Rxc7 24. Rxc7 h6 25. g4 Ke6 26. Rc8 b5 27. h5 gxh5 28. gxh5 a5 29. Rh8 Kd6 30. Rxh6+ Kc5 31. Rh8 Kd6 32. h6 Kc7 33. h7 Ra6 34. Rxb8 Kxb8 35. h8=Q+ Kc7 36. Qxe5+ Kb7 37. Qxb5+ Rb6 38. Qd7+ Ka6 39. Qxe7 a4 40. Nd4 Rxb2 41. Qd6+ Ka5 42. Qc5+ Ka6 43. e5 Rb1+ 44. Kg2 Rb2 45. e6 a3 46. Qxa3+ Kb6 47. Qxb2+ Kc5 48. e7 Kd6 49. e8=Q Kd5 50. a4 Kc4 51. a5 Kd3 52. f4 Kc4 53. a6 Kd3 54. f5 Kc4 55. a7 Kd5 56. f6 Kc5 57. a8=Q Kc4 58. f7 Kd3 59. f8=Q Kc4 60. Qe6+ Kd3 61. Qf1# 1-0


[Site "https://www.chess.com"]

[Event "Titled Tuesday Blitz November 01 Late 2022"]
[White "Winkels, Marcel"]
[Black "Castella Garcia, Fausto"]
[WhiteFideId "1003887"]
[BlackFideId "3501922"]
[WhiteElo "1900"]
[BlackElo "2246"]
[Result "0-1"]
[Round "07"]
[TimeControl "180+1"]
[Date "2022.11.02"]
[WhiteClock "0:00:02"]
[BlackClock "0:00:52"]

1. d4 Nf6 2. Bg5 Ne4 3. Bf4 d5 4. Nf3 c5 5. Nbd2 Nc6 6. e3 e6 7. Bd3 Nf6 8. c3 Bd6 9. O-O O-O 10. Ne5 Qc7 11. Ndf3 Ne7 12. Bg3 Nf5 13. Bxf5 exf5 14. a3 Ne4 15. Rc1 Nxg3 16. hxg3 c4 17. Nd2 f6 18. Nef3 b5 19. Qc2 a5 20. Nh4 g6 21. Rfe1 Bd7 22. Nf1 b4 23. axb4 axb4 24. f3 Bxg3 25. Nxg3 Qxg3 26. Qf2 Qxf2+ 27. Kxf2 Ra2 28. g4 Rxb2+ 29. Re2 Rxe2+ 30. Kxe2 fxg4 31. cxb4 gxf3+ 32. Nxf3 Rb8 33. Rb1 g5 34. Nd2 f5 35. Nf1 h5 36. Ng3 h4 37. Nh5 Kf7 38. Ra1 Rb7 39. Ra6 Be6 40. Ng7 Kxg7 41. Rxe6 Rxb4 42. Re5 Kg6 43. Rxd5 Rb2+ 44. Kf3 c3 45. Rc5 c2 46. d5 h3 47. d6 h2 48. Kg2 c1=Q+ 0-1


[Site "https://www.chess.com"]